Map: Ruins of Endion

Players

Fropez - Winner!

  • Race: Protoss Protoss
  • League: Silver
  • Spawn Location: 7:00

Gianni

  • Race: Protoss Protoss
  • League: Silver
  • Spawn Location: 5:00

VOD

Have the link to the VOD?

Description

Time

  • Played on: May 18, 2016, 10:42 p.m.
  • Length: 1:48
Show
View Real Time Build Order
Export as new Build Order

Fropez Protoss - Winner!

Build Orders:  

Get SALT Encoding   

  12  0:12  Pylon  
  12  0:13  Probe (Chrono Boost)  
  13  0:32  Probe (Chrono Boost), Gateway  
  14  0:43  Probe (Chrono Boost)  
  15  0:50  Assimilator  
  15  0:53  Probe (Chrono Boost)  
  17  1:04  Probe (Chrono Boost)  
  17  1:08  Gateway  
  17  1:15  Probe (Chrono Boost)  
  18  1:25  Cybernetics Core  
  18  1:27  Probe (Chrono Boost)  
  19  1:35  Assimilator  
  19  1:37  Probe (Chrono Boost)  
Show
View Real Time Build Order
Export as new Build Order

Gianni Protoss 

Build Orders:  

Get SALT Encoding   

  12  0:03  Probe (Chrono Boost)  
  13  0:17  Pylon  
  13  0:29  Assimilator  
  13  0:30  Probe (Chrono Boost)  
  14  0:50  Probe (Chrono Boost)  
  15  1:01  Probe (Chrono Boost)  
  16  1:06  Gateway  
  16  1:12  Probe (Chrono Boost)  
  17  1:21  Assimilator  
  17  1:22  Probe (Chrono Boost)  
  18  1:26  Pylon  
  19  1:33  Probe (Chrono Boost)  
Tags
 
Matchup
PvP
Replay Pack
All Mines
Spawn Locations
Close Positions
Add a new tag
Caveats
  • Supply blocks, unpowered buildings, or Contaminate may cause inaccurate times.
  • Supply counts are checked every 10 seconds.